 Dungeon Crawl Stone Soup version 0.28-a0-1435-g82390b3a13 (webtiles) character file.

Game seed: 522397253728986750

382 voltaire321 the Ducker (level 6, 0/48 HPs)
             Began as a Merfolk Artificer on Jan 9, 2022.
             Slain by a gnoll (10 damage)
             ... on level 3 of the Dungeon.
             The game lasted 00:09:21 (2927 turns).

voltaire321 the Ducker (Merfolk Artificer)          Turns: 2927, Time: 00:09:21

Health: 0/48       AC:  3    Str: 13    XL:     6   Next: 76%
Magic:  6/6        EV: 14    Int: 10    God:
Gold:   63         SH:  0    Dex: 16    Spells: 5/5 levels left

rFire   . . .      SeeInvis .   r - +1 spear (flame)
rCold   . . .      Faith    .   (no shield)
rNeg    . . .      Spirit   .   b - +0 leather armour
rPois   .          Reflect  .   (no helmet)
rElec   .          Harm     .   (no cloak)
rCorr   .          Rampage  .   (no gloves)
Will    .....                   (no boots)
Stlth   ++........              g - amulet of regeneration
HPRegen 0.96/turn               (no ring)
MPRegen 0.10/turn               (no ring)

@: no status effects
A: (nimble swimmer 2), mertail
a: no special abilities


You were on level 3 of the Dungeon.
You visited 1 branch of the dungeon, and saw 3 of its levels.

You collected 63 gold pieces.

Inventory:

Hand Weapons
 j - a +0 dagger of venom
 r - a +1 spear of flaming (weapon)
Missiles
 m - 6 javelins
 p - 17 poisoned darts
 s - 2 throwing nets
Armour
 b - a +0 leather armour (worn)
Jewellery
 f - an amulet of magic regeneration
 g - an amulet of regeneration (around neck)
Wands
 c - a wand of flame (15) (quivered)
 d - a wand of charming (15)
Scrolls
 a - 3 scrolls of enchant weapon {unknown}
 i - a scroll of amnesia {unknown}
 k - a scroll of holy word {unknown}
 n - a scroll of fear {unknown}
Potions
 h - 2 potions of berserk rage {unknown}
 l - a potion of brilliance {unknown}
 o - a potion of haste {unknown}
 q - 2 potions of curing {unknown}
Miscellaneous
 e - a piece from Xom's chessboard (15/15)


   Skills:
 + Level 3.6 Fighting
 + Level 2.5 Armour
 + Level 5.0 Dodging
 - Level 1.1 Stealth
 + Level 4.4 Evocations


You had 5 spell levels left.
You didn't know any spells.
Your spell library contained the following spells:

 Spells                   Type           Power      Damage    Failure   Level
 Animate Skeleton         Necr           0%         N/A       43%         1
 Apportation              Tloc           0%         N/A       43%         1
 Summon Small Mammal      Summ           0%         N/A       43%         1


Dungeon Overview and Level Annotations

Branches:
Dungeon (3/15)

Altars:

Shops:
D:1 [


Innate Abilities, Weirdness & Mutations

((You are very nimble when in or above water. (Stealth+, EV+, Speed+++)))
Your lower body shifts to a powerful aquatic tail in water.


Message History

The gnoll freezes you.
* * * LOW HITPOINT WARNING * * *
There is an open door here.
The orc hits you with a +0 dagger. The gnoll misses you.
There is an open door here.
You closely miss the orc. The orc closely misses you.
You hit the orc. You burn the orc.
The orc is severely wounded.
The gnoll hits you from afar with a +2 spear of freezing.
The gnoll freezes you. The orc closely misses you.
You hit the orc. You burn the orc.
You kill the orc!
The gnoll hits you from afar with a +2 spear of freezing.
The gnoll freezes you.
The gnoll hits you from afar with a +2 spear of freezing!
The gnoll freezes you.
The gnoll hits you with a +2 spear of freezing!
The gnoll freezes you.
Things that are here:
a +0 dagger; a +0 leather armour; an orc corpse You hit the gnoll.
You burn the gnoll.
The gnoll is moderately wounded.
The gnoll hits you with a +2 spear of freezing.
The gnoll freezes you.
You hit the gnoll. You burn the gnoll.
The gnoll is heavily wounded.
The gnoll hits you with a +2 spear of freezing.
* * * LOW HITPOINT WARNING * * *
The gnoll freezes you.
* * * LOW HITPOINT WARNING * * *
You hit the gnoll. You burn the gnoll.
The gnoll is almost dead.
The gnoll hits you with a +2 spear of freezing.
* * * LOW HITPOINT WARNING * * *
The gnoll freezes you.
* * * LOW HITPOINT WARNING * * *
You hit the gnoll. You burn the gnoll.
The gnoll is almost dead.
The gnoll hits you with a +2 spear of freezing!
You die...

##.####....# #.#
#.# #....# #.# #.#
#....# #.#
##.####....# #.#
#..........# #.#
#.........## #)#
#.
##.###....####.#
#. #.#......'....#
#. #@#.#....######
## #g#.#....# ..
#.#.#.############
#.#.#.# #...)..#
#.#.#.# #.####..
#.#.#.# #.# ###
#.#.#.# #.######
#.#.#.# ###'#.....
#.#.#.# #.........


You could see a gnoll.

Vanquished Creatures
  A howler monkey (D:3)
  2 hounds (D:3)
  An iguana (D:2)
  2 orc wizards (D:3)
  9 gnolls
  A dart slug (D:1)
  12 orcs (D:3)
  5 ball pythons
  8 endoplasms
  A giant cockroach (D:2)
  9 goblins
  10 hobgoblins
  11 jackals (D:3)
  3 kobolds (D:1)
  5 quokkas
  9 bats
  6 frilled lizards
  5 rats
100 creatures vanquished.

Vanquished Creatures (others)
  3 fungi (D:1)
  7 plants
  4 toadstools (D:1)
14 creatures vanquished.

Grand Total: 114 creatures vanquished

Notes
Turn   | Place    | Note
-------+----------+-------------------------------------------
     0 | D:1      | voltaire321 the Merfolk Artificer began the quest for the
                  | Orb.
     0 | D:1      | Reached XP level 1. HP: 15/15 MP: 1/1
    66 | D:1      | Reached skill level 3 in Dodging
    66 | D:1      | Reached XP level 2. HP: 7/21 MP: 2/2
   263 | D:1      | Reached skill level 1 in Armour
   568 | D:1      | Reached XP level 3. HP: 27/27 MP: 3/3
   630 | D:1      | Found a faded altar of an unknown god.
   665 | D:1      | Found Rawol's Antique Armour Shoppe.
  1393 | D:2      | Reached XP level 4. HP: 23/34 MP: 4/4
  1659 | D:2      | Reached XP level 5. HP: 30/39 MP: 5/5
  1874 | D:2      | Reached skill level 4 in Dodging
  2566 | D:3      | Reached XP level 6. HP: 43/47 MP: 6/6
  2853 | D:3      | Reached skill level 5 in Dodging
  2927 | D:3      | Slain by a gnoll

Illustrated notes

Levels and vault maps discovered:
D:1:      ldierk_walled_garden_2, layout_basic,
          shapermc_ecumenical_altar_mp_ritualfount, serial_shops, shop,
          minmay_close_crescents
D:2:      layout_basic, minmay_octomino_j4
D:3:      lemuel_castle_with_subvaults [lemuel_castle_interior_carwin_1],
          layout_basic

Skill      XL: |  1  2  3  4  5  6 |
---------------+-------------------+-----
Dodging        | 3 4 5 |  5.0
Armour         | 1 2 |  2.5
Fighting       | 2 3 |  3.6
Evocations     | 4 |  4.4
Stealth        | |  1.1

Action                   |  1- 3 |  4- 6 || total
-------------------------+-------+-------++-------
Melee: Club              |    31 |       ||    31
       Dagger            |   113 |   118 ||   231
       Punch             |     1 |     1 ||     2
       Spear             |       |   124 ||   124
       Tailslap          |       |     5 ||     5
 Stab: Sleeping          |     7 |     5 ||    12
Armor: Leather armour    |    39 |    27 ||    66
Dodge: Dodged            |   101 |   152 ||   253

Table legend: (Time is in decaauts)
 A = Elapsed time spent in this place.
 B = Non-inter-level travel time spent in this place.
 C = Inter-level travel time spent in this place.
 D = Time resting spent in this place.
 E = Time spent auto-exploring this place.
 F = Levels seen in this place.
 G = Mean time per level.
                   A        B        C        D        E       F      G
               +--------+--------+--------+--------+--------+-----+--------+
         Total |   2914 |   2848 |     66 |    308 |   1522 |   3 |  971.3 |
       Dungeon |   2914 |   2848 |     66 |    308 |   1522 |   3 |  971.3 |
               +--------+--------+--------+--------+--------+-----+--------+

Top non-repeatable levels by time:
     D:1: 1269 daAuts
     D:3: 891 daAuts
     D:2: 753 daAuts
